 Dungeon Crawl Stone Soup version 0.28.0-43-g3370ac3207 (webtiles) character file.

Game seed: 3718228472825277009

37 themarg the Insei (level 3, -1/27 HPs)
             Began as a Djinni Transmuter on Mar 3, 2022.
             Slain by a jackal (3 damage)
             ... on level 2 of the Dungeon.
             The game lasted 00:07:39 (2237 turns).

themarg the Insei (Djinni Transmuter)               Turns: 2237, Time: 00:07:39

Health: -1/27      AC:  3    Str:  9    XL:     3   Next: 62%
Gold:   61         EV: 12    Int: 22    God:
                   SH:  0    Dex: 13

rFire   + + .      SeeInvis .   c - +0 short sword
rCold   x . .      Faith    .   (no shield)
rNeg    . . .      Spirit   .   j - +0 leather armour
rPois   ∞          Reflect  .   (no helmet)
rElec   .          Harm     .   (no cloak)
rCorr   .          Rampage  .   (no gloves)
Will    .....                   (boots unavailable)
Stlth   +.........              (no amulet)
HPRegen 0.09/turn               e - +6 ring of intelligence
MPRegen 0.00/turn               (no ring)

@: about to teleport, flying
A: sickness immunity, fire resistance 2, cold vulnerability 1, float, innate
caster, HP casting, extra vitality 1
a: no special abilities


You were on level 2 of the Dungeon.
You visited 1 branch of the dungeon, and saw 2 of its levels.

You collected 61 gold pieces.

Inventory:

Hand Weapons
 c - a +0 short sword (weapon)
Missiles
 d - 19 stones
 g - 3 boomerangs
 k - a throwing net
Armour
 a - a +0 robe
 j - a +0 leather armour (worn)
Jewellery
 e - a +6 ring of intelligence (left hand)
Scrolls
 b - 2 scrolls of teleportation
 f - 2 scrolls of blinking {unknown}
 i - a scroll of enchant armour {unknown}
Potions
 h - a potion of curing


   Skills:
 + Level 1.1 Fighting
 + Level 0.4 Short Blades
 + Level 2.5 Dodging
 + Level 3.6 Unarmed Combat
 + Level 2.0 Spellcasting


You couldn't memorise any spells.
You knew the following spells:

 Your Spells              Type           Power      Damage    Failure   Level
a - Beastly Appendage     Tmut           22%        N/A       9%          1
b - Wereblood             Tmut           11%        N/A       13%         2
c - Spider Form           Tmut/Pois      11%        N/A       26%         3
d - Ice Form              Ice/Tmut       11%        N/A       63%         4
e - Apportation           Tloc           22%        N/A       9%          1
Your spell library was empty.

Dungeon Overview and Level Annotations

Branches:
Dungeon (2/15)

Altars:

Annotations:
D:2 Jessica, Robin


Innate Abilities, Weirdness & Mutations

You are immune to sickness and miasma.
You are immune to poison.
Your flesh is very heat resistant. (rF++)
You are vulnerable to cold. (rC-)
You float through the air rather than walking.
You learn spells naturally, not from books.
Your magical power is your life essence.
You have superior vitality. (+4 MHP)


Message History

Jessica the Apprentice Sorceress comes into view.
She is wielding a +0 club and wearing a +2 robe of willpower.
You completely miss the hobgoblin.
The hobgoblin is almost dead.
Your primal bloodlust is almost over.
The hobgoblin hits you.
A goblin comes into view. It is wielding a +0 club.
The jackal barely misses you.
The hobgoblin hits you but does no damage.
The goblin moves out of view.
You hit the hobgoblin.
You feel a bit better.
You kill the hobgoblin!
The jackal closely misses you.
The jackal bites you but does no damage.
Things that are here:
2 gold pieces; a hobgoblin corpse You closely miss the jackal.
The jackal is moderately wounded.
The jackal bites you but does no damage.
The jackal closely misses you.
You barely miss the jackal.
The jackal is moderately wounded.
The jackal barely misses you. Robin throws the goblin at you!
The goblin misses you.
The jackal bites you but does no damage.
The goblin hits you with a +2 dagger of speed. x2
* * * LOW HITPOINT WARNING * * *
It was a potion of curing.
You feel better.
Your primal bloodlust has ended.
The jackal barely misses you.
The goblin hits you with a +2 dagger of speed.
* * * LOW HITPOINT WARNING * * *
As you read the scroll labelled ZOINOU IPPUCUL, it crumbles to dust.
You feel strangely unstable.
It was a scroll of teleportation.
The jackal closely misses you. The goblin barely misses you.
The goblin hits you with a +2 dagger of speed.
* * * LOW HITPOINT WARNING * * *
The jackal bites you but does no damage.
The goblin no longer looks unusually strong.
Found an escape hatch in the floor.
The jackal bites you.
You die...

.#.##gg..#.#
#J.S#####.
P#..@hg..#.#
#.......
.P..##.####.#
#.#####. #.
#h#....# #.#
#. #$#....#
#.## #.
#.h....# #..#
#. #..h.#.#
### ##'####.
#...h#.#.>...
#.......
#.#.g@..#
#.......
#.#.....#
#.......
#.......#
#.......
#........#
#.....r.
#.#......#
#.......
#.####.#.#
###..... #.
...# #..#..
.### .


You could see 4 jackals and a goblin.

Vanquished Creatures
  A dart slug (D:1)
  5 bats
  5 endoplasms
  A giant cockroach (D:2)
  4 hobgoblins
  4 frilled lizards
  9 goblins
  3 kobolds (D:1)
  2 rats (D:1)
34 creatures vanquished.

Vanquished Creatures (others)
  A withered plant (D:2)
1 creature vanquished.

Grand Total: 35 creatures vanquished

Notes
Turn   | Place    | Note
-------+----------+-------------------------------------------
     0 | D:1      | themarg the Djinni Transmuter began the quest for the Orb.
     0 | D:1      | Reached XP level 1. HP: 17/17 MP: 0/0
    53 | D:1      | Reached XP level 2. HP: 8/22 MP: 0/0
   416 | D:1      | Found a faded altar of an unknown god.
  1211 | D:1      | Reached XP level 3. HP: 26/27 MP: 0/0
  1211 | D:1      | Learned a level 1 spell: Apportation
  1735 | D:2      | Noticed Robin
  2226 | D:2      | Noticed Jessica
  2234 | D:2      | HP: 1/27 [goblin/+2 dagger of speed[Robin] (3)]
  2237 | D:2      | Slain by a jackal

Illustrated notes

Levels and vault maps discovered:
D:1:      roderic_crop_circles_arrival_small, layout_basic,
          basic_ecumenical_altar, minmay_indecisive_spiral
D:2:      layout_basic, serial_undead, serial_undead_a, serial_undead_a,
          serial_undead_b, serial_undead_d, basic_altar, minivault_4,
          minmay_pentomino_r2, uniq_jessica, uniq_natasha, uniq_robin

Skill      XL: |  1  2  3 |
---------------+----------+-----
Spellcasting   | 2 |  2.0
Fighting       | |  1.1
Short Blades   | |  0.4
Dodging        | |  2.5
Unarmed Combat | |  3.6

Action                   || total
-------------------------++-------
Melee: Unarmed           ||     7
       Short sword       ||   131
       Headbutt          ||    14
       Punch             ||     2
 Cast: Beastly Appendage ||    23
       Wereblood         ||     5
  Use: Scroll            ||     1
       Potion            ||     1
 Stab: Sleeping          ||     1
Armor: Robe              ||    37
       Leather armour    ||    27
Dodge: Dodged            ||   115
